Map: Troizinia LE

Players

Aiorios

  • Race: Terran Terran
  • Spawn Location: 9:00

Player

  • Race: Terran Terran
  • Spawn Location: 12:00

Twindy

  • Race: Protoss Protoss
  • League: Diamond
  • Spawn Location: 11:00

Terran

  • Race: Zerg Zerg
  • Spawn Location: 11:00

Infamous

  • Race: Protoss Protoss
  • League: Silver
  • Spawn Location: 6:00

JxDxMx

  • Race: Terran Terran
  • League: Bronze
  • Spawn Location: 5:00

Glennwick

  • Race: Zerg Zerg
  • Spawn Location: 3:00

TKETychus

  • Race: Zerg Zerg
  • Spawn Location: 5:00

VOD

Have the link to the VOD?

Description

Time

  • Played on: March 18, 2018, 7:48 p.m.
  • Length: 28:41
Show
View Real Time Build Order
Export as new Build Order

Aiorios Terran 

Build Orders:  

Get SALT Encoding   

  12  0:01  SCV  
  13  0:13  SCV  
  14  0:25  Supply Depot  
  14  0:26  SCV  
  15  0:35  Refinery  
  15  0:46  SCV  
  15  0:49  Barracks  
  16  0:59  SCV  
  17  1:11  SCV, Refinery  
  18  1:23  SCV  
  19  1:32  Barracks  
  19  1:35  SCV  
  19  1:39  Supply Depot  
  20  1:42  Marine  
  20  1:46  Supply Depot  
  21  1:47  SCV  
  22  1:58  Supply Depot  
  22  2:00  Marine  
  23  2:18  Marine  
  23  2:22  Supply Depot  
  24  2:32  Marine  
  24  2:36  Marine  
  26  2:50  Marine  
  27  2:53  Marine, Factory, Orbital Command  
  28  3:08  Marine  
  28  3:11  Marine  
  30  3:19  SCV  
  31  3:20  Factory  
  31  3:26  Marine  
  32  3:29  Marine  
  32  3:44  Marine  
  33  4:02  Marine x2  
  34  4:04  Factory Reactor x2  
  34  4:07  Factory Tech Lab  
  35  4:20  Marine  
  36  4:25  Starport  
  36  4:26  Starport  
  36  4:31  Marine  
  36  4:33  Command Center, Refinery  
  36  4:36  Refinery  
  36  4:38  Marine  
  38  4:41  Hellion  
  40  4:49  Marine  
  41  4:56  Marine  
  41  5:07  Marine  
  32  5:50  Hellion  
  32  5:51  Hellion x2  
  36  6:12  Hellion x3  
  38  6:33  Hellion  
  38  6:34  Hellion x2  
  44  6:54  Hellion  
  44  6:55  Hellion x2  
  40  7:16  Marine x2, Hellion x2  
  40  7:20  Orbital Command  
  46  7:25  SCV  
  47  7:34  Marine x2  
  47  7:37  SCV  
  44  7:49  SCV  
  39  7:51  Marine  
  39  7:52  Marine  
  39  8:01  SCV  
  40  8:09  Marine  
  40  8:10  Marine  
  40  8:13  SCV  
  37  8:27  Marine x2  
  39  8:49  Hellion x3  
  39  8:51  Marine  
  39  8:52  Marine  
  39  8:54  SCV  
  48  9:06  SCV  
  48  9:09  Marine x2  
  50  9:10  Hellion x2  
  50  9:11  Hellion  
  49  9:18  SCV  
  49  9:21  Starport Reactor  
  49  9:22  Starport Reactor  
  48  9:27  Marine x2  
  48  9:30  SCV  
  43  9:31  Hellion  
  43  9:32  Hellion x2  
  45  9:43  SCV  
  45  9:44  Marine  
  45  9:45  Marine  
  41  9:53  Hellion x3  
  47  10:03  Marine  
  48  10:12  Ghost Academy  
  48  10:16  Ghost Academy  
  32  10:47  Barracks Tech Lab  
  28  10:58  Factory  
  28  11:00  Factory  
  7  12:34  Barracks, Command Center  
  2  13:11  Nuke  
  2  13:12  Personal Cloaking  
  2  13:26  Barracks Tech Lab  
  1  13:44  Command Center  
  1  13:57  Ghost  
  3  14:07  Ghost Academy  
  3  14:23  Factory Reactor  
  3  14:25  Ghost  
  5  14:37  Nuke, Ghost Academy  
  5  14:54  Ghost  
  7  15:12  Nuke  
  7  15:15  Nuke x2  
  7  15:22  Ghost  
  5  17:52  Ghost Academy  
  1  18:44  Command Center  
  1  20:02  SCV  
  2  20:52  Barracks  
  2  21:37  SCV  
  2  21:46  Barracks  
  2  21:49  SCV  
  3  22:36  Ghost Academy  
  3  22:49  Barracks Tech Lab  
  3  22:50  Factory  
  3  23:06  Supply Depot  
    24:18  Barracks Tech Lab  
    25:43  SCV  
    25:46  Barracks Tech Lab  
  1  25:55  SCV  
  2  26:05  Ghost Academy  
  2  26:07  SCV  
  3  26:19  SCV  
  4  26:32  SCV  
  5  26:47  Ghost  
    28:23  SCV  
  1  28:41  Factory  
Show
View Real Time Build Order
Export as new Build Order

Player Terran 

Build Orders:  

Get SALT Encoding   

  12  0:03  SCV  
  13  0:22  Supply Depot, SCV  
  13  0:28  Refinery  
  14  0:35  SCV  
  15  0:47  Barracks  
  15  0:48  SCV  
  16  0:57  Refinery  
  16  1:02  SCV  
  17  1:19  SCV  
  18  1:31  Barracks, SCV  
  19  1:37  Barracks Reactor  
  19  1:44  SCV  
  20  1:50  Supply Depot  
  20  2:02  Factory  
  20  2:13  Supply Depot  
  20  2:18  Marine x2  
  22  2:27  Barracks Reactor  
  22  2:37  Supply Depot  
  22  2:42  Marine x2  
  24  2:49  Factory Reactor  
  24  2:55  SCV  
  25  3:12  Marine  
  25  3:13  Marine x2  
  25  3:14  Marine  
  29  3:26  Cyclone  
  32  3:28  Cyclone  
  35  3:49  Marine x4  
  39  4:06  Marine  
  39  4:07  Marine  
  41  4:13  Cyclone  
  41  4:14  Cyclone  
  47  4:25  Supply Depot  
  47  4:47  Marine  
  45  5:11  Cyclone x2  
  45  5:13  Marine x3  
  45  5:14  Marine  
  55  5:57  Marine  
  55  6:18  Orbital Command  
  55  6:22  Supply Depot  
  55  6:34  Command Center  
  55  6:36  Marine x3  
  55  6:43  Marine, Cyclone x2  
  32  7:25  Supply Depot  
  32  7:30  SCV  
  33  7:43  SCV  
  34  7:48  Supply Depot  
  34  7:55  SCV  
  35  8:07  SCV  
  36  8:19  SCV  
  37  8:52  SCV  
  38  8:56  SCV  
  39  9:04  SCV  
  39  9:08  SCV  
  41  9:13  Refinery  
  41  9:16  SCV  
  42  9:19  Refinery  
  42  9:20  SCV  
  42  9:21  Starport  
  43  9:24  Supply Depot  
  43  9:29  SCV  
  40  9:32  SCV  
  34  9:41  SCV  
  34  9:44  SCV  
  36  9:47  Supply Depot  
  36  9:53  SCV  
  36  9:54  Starport  
  36  9:55  Starport  
  36  9:56  SCV  
  38  10:02  Starport  
  38  10:05  SCV, Armory  
  39  10:08  SCV  
  40  10:17  SCV  
  40  10:20  SCV  
  42  10:33  Supply Depot  
  42  10:34  Armory  
  42  10:44  Starport Reactor x2  
  42  10:45  Starport Reactor  
  42  10:46  Starport Reactor  
  42  10:51  Supply Depot  
  42  10:56  Supply Depot  
  42  11:17  Command Center  
  42  11:22  Viking x3  
  42  11:23  Viking  
  50  11:52  Viking x3  
  56  12:20  Factory  
  56  12:23  SCV  
  57  12:35  SCV  
  58  12:41  Viking  
  58  12:42  Viking x3  
  66  12:47  SCV  
  67  12:52  Supply Depot  
  67  12:55  Supply Depot  
  67  12:56  Supply Depot  
  67  12:59  SCV  
  67  13:03  SCV  
  67  13:04  Refinery  
  69  13:11  Starport, Viking  
  69  13:12  Viking x3  
  77  13:15  SCV  
  77  13:17  Starport  
  78  13:22  Armory  
  78  13:25  Armory  
  78  13:27  SCV  
  79  13:39  SCV  
  80  13:41  Viking x2  
  84  13:52  SCV  
  79  14:04  Viking x3  
  79  14:05  Viking x3  
  89  14:11  Viking x2  
  89  14:14  Terran Ship Weapons Level 1  
  93  14:34  Viking x3  
  93  14:35  Viking x3  
  103  14:41  Viking  
  103  14:42  Refinery  
  95  15:12  Viking  
  95  15:13  Viking  
  59  17:06  Command Center  
  40  18:30  Command Center  
  40  19:09  Factory  
  31  19:51  SCV  
  19  20:20  Command Center  
  18  20:40  Command Center  
  17  20:52  Command Center  
  17  20:56  Barracks  
  17  20:59  Supply Depot  
  17  21:01  Supply Depot  
  17  21:05  Command Center  
  15  21:17  Factory  
  13  21:31  Barracks  
  12  21:35  Supply Depot  
  12  21:45  Barracks  
  10  21:48  Bunker  
  10  21:51  Bunker  
  10  22:04  Cyclone  
  12  22:11  Marine  
  12  22:12  Factory  
  5  22:29  Marine  
  5  22:47  Marine  
  5  23:04  Marine  
  1  23:38  Marine  
  2  23:56  Marine  
Show
View Real Time Build Order
Export as new Build Order

Twindy Protoss 

Build Orders: Nexus First 

Get SALT Encoding   

  12  0:14  Probe (Chrono Boost)  
  13  0:25  Probe (Chrono Boost)  
  14  0:29  Probe (Chrono Boost)  
  15  0:56  Nexus  
  15  0:58  Pylon  
  15  1:16  Probe (Chrono Boost)  
  17  1:25  Probe (Chrono Boost)  
  17  1:30  Probe (Chrono Boost)  
  18  1:42  Nexus  
  18  1:50  Gateway  
  18  1:55  Assimilator  
  18  2:02  Probe (Chrono Boost)  
  19  2:12  Probe (Chrono Boost)  
  19  2:13  Probe (Chrono Boost)  
  21  2:19  Probe (Chrono Boost)  
  21  2:20  Probe (Chrono Boost)  
  23  2:24  Probe (Chrono Boost)  
  24  2:35  Assimilator  
  24  2:36  Probe  
  25  2:39  Pylon  
  25  2:43  Cybernetics Core  
  25  2:48  Probe  
  26  2:57  Gateway  
  26  2:58  Pylon  
  26  3:03  Probe (Chrono Boost)  
  26  3:04  Probe (Chrono Boost)  
  28  3:08  Probe (Chrono Boost)  
  31  3:13  Probe (Chrono Boost)  
  31  3:14  Probe (Chrono Boost)  
  31  3:17  Probe (Chrono Boost)  
  31  3:18  Warp Gate (Chrono Boost)  
  33  3:20  Assimilator  
  33  3:22  Probe x2 (Chrono Boost)  
  33  3:24  Probe (Chrono Boost)  
  35  3:27  Probe (Chrono Boost)  
  35  3:29  Pylon  
  35  3:33  Probe  
  37  3:34  Twilight Council  
  37  3:39  Probe  
  38  3:45  Probe, Assimilator  
  39  3:51  Probe  
  40  3:57  Probe  
  41  4:03  Probe (Chrono Boost)  
  41  4:05  Pylon  
  44  4:10  Probe x2 (Chrono Boost)  
  44  4:16  Probe (Chrono Boost)  
  45  4:18  Assimilator  
  45  4:20  Probe (Chrono Boost)  
  45  4:22  Probe x2 (Chrono Boost), Assimilator  
  48  4:25  Probe (Chrono Boost)  
  48  4:27  Charge  
  48  4:30  Probe  
  48  4:31  Probe  
  51  4:34  Gateway  
  51  4:36  Probe  
  52  4:40  Pylon  
  52  4:42  Probe  
  52  4:43  Probe  
  54  4:48  Probe  
  55  4:54  Probe (Chrono Boost)  
  55  4:56  Probe (Chrono Boost)  
  55  4:59  Nexus  
  57  5:00  Probe (Chrono Boost), Pylon  
  57  5:03  Assimilator  
  59  5:12  Probe x2 (Chrono Boost), Pylon  
  60  5:14  Gateway  
  60  5:17  Pylon, Probe (Chrono Boost)  
  60  5:19  Probe (Chrono Boost)  
  62  5:22  Gateway  
  62  5:26  Probe  
  63  5:30  Forge x2  
  63  5:33  Forge  
  63  5:39  Probe (Chrono Boost)  
  64  5:45  Probe (Chrono Boost)  
  66  5:50  Probe (Chrono Boost)  
  66  5:53  Probe (Chrono Boost)  
  66  5:56  Probe (Chrono Boost)  
  68  5:58  Probe (Chrono Boost)  
  68  6:02  Gateway  
  68  6:03  Protoss Ground Weapons Level 1 (Chrono Boost)  
  69  6:04  Gateway  
  69  6:05  Protoss Ground Armor Level 1 (Chrono Boost)  
  69  6:06  Probe (Chrono Boost), Gateway, Protoss Shields Level 1 (Chrono Boost)  
  69  6:07  Gateway  
  69  6:09  Gateway  
  70  6:18  Probe (Chrono Boost)  
  71  6:19  Pylon  
  71  6:21  Pylon  
  71  6:23  Probe (Chrono Boost)  
  72  6:33  Templar Archives  
  72  6:41  Probe  
  73  6:53  Probe  
  74  7:05  Probe  
  75  7:10  Psionic Storm  
  75  7:17  Probe  
  75  7:20  Pylon  
  75  7:22  Pylon, High Templar x2  
  78  7:23  Pylon, High Templar x4  
  78  7:24  High Templar x4  
  78  7:29  Probe (Chrono Boost)  
  97  7:30  Assimilator  
  97  7:39  Probe (Chrono Boost)  
  98  7:44  Probe (Chrono Boost)  
  99  7:56  High Templar  
  99  7:57  High Templar x5  
  99  7:58  High Templar x3  
  115  8:00  Archon x2  
  115  8:04  Protoss Ground Armor Level 2 (Chrono Boost), Protoss Ground Weapons Level 2 (Chrono Boost)  
  115  8:05  Protoss Shields Level 2 (Chrono Boost)  
  117  8:20  Pylon  
  117  8:28  High Templar  
  117  8:29  High Templar x2  
  117  8:33  Nexus  
  123  8:34  Pylon  
  123  8:38  Assimilator, Zealot  
  123  8:39  Zealot x3  
  123  8:40  Zealot x3  
  137  8:42  Assimilator  
  137  9:09  High Templar x3  
  143  9:10  High Templar  
  145  9:19  Archon x2  
  145  9:57  Zealot x2  
  145  9:58  Zealot x3  
  145  9:59  High Templar x2  
  159  10:03  Archon  
  159  10:04  High Templar x2  
  159  10:05  High Templar  
  165  10:19  High Templar x2  
  165  10:20  Zealot  
  171  10:24  Probe (Chrono Boost)  
  172  10:29  Archon  
  172  10:34  Probe (Chrono Boost)  
  173  10:39  Probe (Chrono Boost)  
  174  10:45  High Templar x3  
  174  10:46  High Templar x2  
  184  10:50  Probe  
  185  11:01  Zealot x3  
  185  11:02  Probe  
  192  11:07  Protoss Ground Armor Level 3, Protoss Ground Weapons Level 3, Protoss Shields Level 3  
  192  11:26  Zealot  
  192  11:27  Zealot x2, High Templar  
  199  12:11  Archon  
  162  12:45  High Templar x2  
  162  12:48  Zealot  
  164  12:57  Nexus  
  164  13:02  Assimilator  
  164  13:29  Pylon  
  164  13:30  Pylon  
  164  13:31  Pylon  
  164  13:32  Pylon  
  164  13:33  Pylon  
  164  13:35  Pylon x3  
  164  13:48  Zealot x3  
  168  13:50  High Templar x3  
  168  13:51  High Templar x4  
  184  14:16  High Templar x3  
  190  15:23  High Templar x5  
  190  15:27  Archon x2  
  200  18:50  Nexus  
  194  18:56  High Templar x3  
  194  18:57  High Templar x3  
  194  18:59  Zealot x2  
  194  19:01  Zealot  
  194  19:02  Zealot  
  184  19:52  Archon  
  182  20:10  Zealot x3  
  170  20:51  Probe (Chrono Boost)  
  171  20:58  High Templar x3  
  171  20:59  High Templar x4  
  171  21:00  Zealot x2  
  171  21:01  Probe (Chrono Boost)  
  190  21:06  Probe (Chrono Boost)  
  191  21:18  Probe  
  192  21:30  Probe  
  193  21:42  High Templar x3  
  199  22:02  Assimilator  
  199  22:06  Assimilator  
  198  25:26  Stargate  
  198  25:29  Stargate  
  198  25:30  Protoss Air Weapons Level 1  
  198  25:34  Cybernetics Core  
  198  25:45  Probe (Chrono Boost)  
  199  25:54  Probe (Chrono Boost)  
  200  25:59  Archon  
  200  26:11  Nexus  
  200  26:19  Pylon  
  200  26:23  Assimilator  
  200  26:34  Nexus  
  200  26:40  Fleet Beacon  
  200  26:42  Protoss Air Armor Level 1 (Chrono Boost)  
  200  28:22  Archon  
Show
View Real Time Build Order
Export as new Build Order

Terran Zerg 

Build Orders: Hatch First 

Get SALT Encoding   

  12  0:02  Drone  
  13  0:09  Drone  
  14  0:37  Hatchery  
  13  0:45  Drone  
  14  0:57  Spawning Pool  
  13  1:08  Extractor x2  
  13  1:11  Drone x2  
  13  1:13  Drone  
  14  1:37  Overlord  
  14  1:38  Overlord  
  14  1:48  Overlord  
  14  1:51  Zergling x2  
  15  2:04  Drone x2  
  17  2:13  Lair  
  17  2:17  Zergling x2  
  18  2:29  Zergling x2  
  19  2:31  Drone  
  19  2:32  Drone  
  21  2:55  Drone x6  
  27  3:09  Zergling x4  
  29  3:15  Infestation Pit  
  28  3:21  Hydralisk Den  
  27  3:31  Drone x3  
  27  3:32  Drone  
  30  3:54  Hydralisk, Zergling x2  
  30  3:55  Hydralisk x2  
  37  4:13  Hatchery  
  37  4:15  Extractor  
  35  4:37  Extractor  
  34  4:39  Drone  
  34  4:40  Drone x5  
  40  4:48  Extractor  
  40  4:50  Extractor  
  38  4:59  Hydralisk x2  
  42  5:02  Overlord  
  41  5:25  Hydralisk  
  41  5:26  Hydralisk x3  
  47  5:40  Evolution Chamber  
  47  5:41  Grooved Spines  
  44  5:45  Drone x3  
  44  5:46  Drone x2  
  49  6:07  Hatchery  
  46  6:17  Hydralisk x3  
  52  6:28  Hydralisk x2  
  56  6:33  Overlord  
  56  7:02  Hatchery  
  55  7:09  Drone x7  
  55  7:10  Drone x2  
  56  7:48  Hydralisk x4  
  56  7:49  Hydralisk x4  
  72  7:52  Overlord x3  
  72  8:06  Drone  
  72  8:07  Drone  
  62  8:28  Drone, Hydralisk x3  
  62  8:29  Hydralisk x6  
  62  8:30  Hydralisk  
  75  8:44  Zerg Missile Weapons Level 1  
  66  9:02  Hydralisk x2  
  58  9:16  Hydralisk  
  60  9:18  Drone x4  
  60  9:19  Drone x7  
  60  9:20  Drone x3  
  68  9:39  Hydralisk  
  70  9:49  Drone x2  
  70  9:50  Drone x4  
  69  9:59  Extractor  
  68  10:00  Extractor  
  67  10:08  Extractor  
  67  10:10  Hatchery  
  41  10:29  Hydralisk x2  
  37  10:41  Drone x3  
  36  10:45  Drone x3  
  28  10:50  Drone x7  
  28  10:51  Drone x2  
  28  11:25  Hydralisk x4  
Show
View Real Time Build Order
Export as new Build Order

Infamous Protoss 

Build Orders: 1 Gate Expand 

Get SALT Encoding   

  12  0:01  Probe  
  13  0:13  Probe  
  14  0:18  Pylon  
  14  0:25  Probe  
  15  0:36  Gateway  
  15  0:38  Probe  
  16  0:55  Assimilator  
  16  0:56  Probe  
  17  1:13  Probe  
  18  1:23  Nexus  
  18  1:26  Zealot  
  18  1:32  Probe  
  21  1:45  Probe  
  22  1:49  Assimilator  
  22  1:53  Pylon  
  22  2:09  Cybernetics Core  
  22  2:11  Pylon  
  22  2:34  Probe  
  22  2:35  Probe  
  24  2:51  Probe x2  
  25  2:53  Stargate  
  25  2:54  Stargate  
  25  2:56  Warp Gate (Chrono Boost)  
  25  2:57  Pylon  
  26  3:10  Probe x2  
  28  3:22  Probe x2  
  30  3:33  Shield Battery  
  30  3:35  Probe x2  
  30  3:38  Void Ray  
  30  3:40  Shield Battery  
  32  3:44  Void Ray  
  32  3:47  Probe x2 (Chrono Boost)  
  40  3:57  Forge  
  40  3:59  Probe (Chrono Boost)  
  42  4:05  Probe (Chrono Boost)  
  42  4:18  Probe  
  42  4:19  Stargate  
  42  4:23  Protoss Air Weapons Level 1 (Chrono Boost)  
  43  4:24  Assimilator  
  43  4:26  Assimilator  
  43  4:34  Void Ray  
  47  4:50  Probe x2  
  49  4:54  Void Ray  
  53  5:23  Void Ray (Chrono Boost)  
  61  5:29  Probe  
  61  5:30  Void Ray (Chrono Boost)  
  61  5:32  Probe  
  59  6:00  Pylon  
  59  6:03  Photon Cannon  
  59  6:04  Pylon  
  59  6:05  Pylon  
  59  6:08  Pylon  
  59  6:13  Pylon  
  59  6:17  Pylon  
  59  6:18  Void Ray x2  
  67  6:22  Void Ray  
  71  6:27  Gateway  
  71  6:28  Gateway  
  71  6:30  Gateway  
  71  6:32  Gateway  
  71  6:35  Gateway  
  71  6:36  Gateway  
  71  6:54  Stalker  
  43  7:22  Void Ray x2  
  52  7:28  Zealot  
  51  7:35  Stalker  
  51  7:36  Zealot  
  49  7:38  Zealot  
  47  7:58  Zealot x4  
  44  7:59  Zealot x3  
  44  8:02  Nexus  
  44  8:03  Pylon  
  44  8:04  Pylon, Void Ray  
  37  8:28  Zealot x5  
  43  8:47  Void Ray  
  33  8:51  Stalker x3  
  39  8:59  Sentry  
  41  9:16  Stalker x3  
  47  9:30  Void Ray  
  45  9:36  Stalker  
  43  9:46  Probe  
  44  9:57  Stalker x3  
  44  9:58  Probe  
  51  10:00  Nexus  
  51  10:10  Probe  
  52  10:19  Stalker  
  54  10:21  Zealot x2  
  54  10:22  Zealot  
  58  10:55  Stalker x4  
  66  11:24  Stalker x3  
  66  11:25  Stalker  
  74  11:50  Probe  
  74  11:53  Probe  
  76  11:57  Sentry x2  
  80  12:02  Probe  
  80  12:05  Probe  
  82  12:15  Probe  
  83  12:17  Probe, Stalker x2  
  74  12:27  Probe  
  74  12:29  Probe  
  50  12:41  Probe  
  45  13:02  Stalker x3  
  45  13:04  Zealot  
  49  13:14  Probe  
  50  13:20  Probe  
  50  13:26  Probe  
  52  13:31  Photon Cannon  
  52  13:33  Probe, Photon Cannon  
  53  13:34  Pylon  
  53  13:37  Photon Cannon  
  53  13:38  Probe  
  54  13:45  Probe  
  54  13:47  Pylon  
  55  13:53  Stalker  
  55  13:54  Stalker x2  
  51  14:11  Zealot  
  53  14:21  Zealot x3  
  59  14:24  Sentry  
  61  14:35  Probe  
  62  14:42  Sentry  
  64  14:47  Probe  
  65  15:10  Photon Cannon  
  65  15:17  Sentry x2  
  69  15:58  Nexus  
  69  16:01  Pylon  
  69  16:38  Stalker x2  
  69  16:39  Stalker x3  
  65  17:04  Sentry  
  65  17:06  Zealot  
  65  17:07  Zealot x3  
  75  17:14  Probe  
  76  17:26  Probe  
  77  17:35  Zealot x3  
  83  17:38  Probe (Chrono Boost)  
  84  17:49  Sentry, Assimilator  
  84  17:50  Probe (Chrono Boost), Stalker  
  89  17:55  Probe (Chrono Boost)  
  90  18:05  Probe  
  91  18:17  Probe  
  91  18:19  Forge  
  92  18:21  Forge  
  92  18:32  Probe  
  93  18:44  Probe  
  82  18:56  Probe, Stalker  
  82  18:57  Stalker  
  82  18:58  Stalker x3  
  79  19:34  Photon Cannon  
  79  19:36  Photon Cannon  
  79  19:39  Pylon  
  79  19:46  Stalker x5  
  89  20:03  Assimilator  
  89  20:06  Pylon  
  89  20:07  Protoss Ground Weapons Level 1 (Chrono Boost)  
  89  20:19  Probe x3  
  92  20:27  Protoss Ground Armor Level 1 (Chrono Boost)  
  92  20:35  Stalker  
  94  20:37  Zealot x4  
  102  21:12  Twilight Council  
  102  21:21  Sentry  
  102  21:23  Zealot x4  
  112  21:34  Probe x2  
  112  21:35  Probe  
  115  22:02  Stalker x4  
  115  22:03  Stalker  
  53  22:50  Protoss Ground Armor Level 2 (Chrono Boost)  
  41  22:57  Robotics Facility  
  41  22:59  Stalker x2  
  41  23:01  Zealot  
  47  23:12  Assimilator  
  47  23:35  Stalker x2  
  51  24:04  Stalker x3  
  51  24:06  Zealot  
  51  24:07  Zealot  
  61  24:51  Robotics Facility  
  61  25:05  Robotics Bay  
  61  25:06  Sentry  
  63  25:08  Zealot  
  63  25:09  Zealot x2  
  63  25:10  Zealot  
  71  25:26  Nexus  
  71  25:30  Assimilator  
  71  25:34  Assimilator  
  71  25:35  Sentry  
  73  25:36  Pylon  
  73  25:37  Stalker x3  
  73  25:38  Pylon  
  73  25:40  Pylon  
  79  26:12  Sentry x2  
  79  26:13  Zealot  
  79  26:14  Zealot  
  79  26:15  Stalker  
  89  26:38  Sentry x2  
  93  26:40  Zealot x3  
  99  27:06  Disruptor (Chrono Boost)  
  99  27:07  Disruptor (Chrono Boost)  
  99  27:08  Nexus  
  105  27:11  Assimilator  
  105  27:15  Assimilator  
  105  27:37  Stalker  
  105  27:38  Stalker x4  
Show
View Real Time Build Order
Export as new Build Order

JxDxMx Terran 

Build Orders: MMM Bio 

Get SALT Encoding   

  12  0:03  SCV  
  13  0:21  Supply Depot, SCV  
  14  0:33  SCV  
  15  0:45  Barracks, SCV  
  16  0:57  SCV  
  17  1:09  SCV  
  18  1:14  Refinery  
  18  1:16  Refinery  
  18  1:21  SCV  
  19  1:33  SCV  
  20  1:42  Engineering Bay  
  20  1:46  SCV  
  21  1:54  Barracks Tech Lab  
  21  2:04  Orbital Command  
  21  2:08  Engineering Bay  
  21  2:21  Hi-Sec Auto Tracking  
  21  2:24  Marine  
  22  2:36  Terran Infantry Weapons Level 1  
  22  2:42  Marine, Engineering Bay  
  23  3:00  Marine  
  24  3:09  Supply Depot  
  24  3:17  Marine  
  25  3:29  Building Armor  
  25  3:32  Supply Depot  
  25  3:35  Marine, Terran Infantry Armor Level 1  
  26  3:53  Marine  
  27  3:58  Combat Shields  
  27  4:11  Marine  
  27  4:12  Supply Depot  
  28  4:29  Marine, Neosteel Frame  
  29  4:34  Missile Turret  
  29  4:46  Marine  
  30  4:55  Factory  
  30  5:04  Marine  
  31  5:17  Stimpack  
  31  5:41  Starport, Factory Tech Lab  
  29  5:43  Marine  
  30  6:01  Marine  
  31  6:06  Barracks  
  31  6:16  Hellion  
  33  6:19  Marine  
  34  6:29  Starport Tech Lab  
  34  6:30  Armory  
  34  6:37  Marine  
  34  6:38  Hellion  
  37  6:51  High Capacity Fuel Tanks  
  37  6:54  Marine  
  37  6:56  Barracks  
  37  6:59  Hellion  
  35  7:21  Hellion  
  23  7:39  Banshee  
  23  7:42  Hellion  
  26  7:47  Marine  
  27  8:03  Thor  
  27  8:05  Marine  
  29  8:20  Marine x2  
  29  8:21  Raven  
  29  8:23  Marine  
  30  8:38  Marine x2  
  30  8:41  Marine  
  33  8:46  Hellbat  
  33  8:47  Liberator  
  34  8:55  Marine  
  34  8:56  Marine  
  34  8:58  Marine  
  37  9:07  Siege Tank  
  43  9:13  Marine x2  
  43  9:16  Marine  
  46  9:31  Marine  
  47  9:50  Supply Depot  
  47  10:11  Marine x3, Medivac  
  47  10:12  Supply Depot, Widow Mine  
  42  10:29  Marine x3  
  42  10:33  Hellion  
  46  10:41  Viking  
  48  10:47  Marine x2  
  50  10:54  Hellion  
  52  11:28  Banshee  
  55  11:34  Siege Tank  
  58  12:07  Cyclone  
  61  12:11  Raven  
  49  12:37  Liberator  
  49  12:39  Widow Mine  
  45  12:46  Marine  
  45  12:47  Marine x2  
  51  13:00  Hellion  
  51  13:04  Marine x3  
  56  13:22  Hellion, Marine x3  
  60  13:37  Medivac  
  60  13:40  Marine x3  
  36  13:58  Marine x3  
  38  14:07  Viking  
  40  14:15  Marine  
  40  14:16  Marine x2  
  43  14:18  Orbital Command  
  43  14:22  Liberator  
  43  14:33  Marine x2, Cyclone  
  43  14:34  Marine  
  52  14:51  Marine x3  
  55  15:09  Marine x3  
  36  15:22  Viking  
  36  15:27  Marine x3  
  41  15:44  Marine  
  41  15:45  Marine x2  
  44  15:52  Medivac  
  21  16:49  Marine x3  
  5  17:07  Marine x3, SCV  
  8  17:19  SCV  
  8  17:25  Marine x3  
  11  17:31  SCV  
  12  17:42  Marine  
  12  17:43  Marine x2, Hellion, SCV  
  17  17:56  SCV  
  18  18:00  Marine x2  
  18  18:01  Marine  
  18  18:04  Hellion  
  23  18:19  Marine x3  
  26  18:25  Hellion  
  20  18:36  Marine  
  20  18:37  Marine x2  
  23  18:47  Hellion  
  15  18:54  Marine x2  
  15  18:55  Marine  
  10  19:03  Viking  
  10  19:08  Hellion  
  14  19:12  Marine x3  
  17  19:30  Hellion, Marine x3  
  22  19:33  Viking  
  24  19:48  Marine x3  
  24  19:51  Hellion  
  29  20:03  Viking  
  29  20:05  Marine  
  32  20:25  Marine  
  32  22:39  Marine  
  32  22:48  Viking  
  32  25:47  Hellion  
  32  25:49  Viking  
  17  26:09  Hellion  
  13  26:30  Marine x2  
Show
View Real Time Build Order
Export as new Build Order

Glennwick Zerg 

Build Orders: Pool First 

Get SALT Encoding   

  12  0:03  Drone  
  13  0:09  Drone  
  14  0:22  Overlord  
  14  0:39  Spawning Pool  
  13  0:45  Drone  
  13  0:46  Drone x2  
  16  1:48  Extractor  
  15  1:54  Evolution Chamber  
  15  1:57  Extractor  
  13  2:03  Overlord x3  
  13  2:11  Hatchery  
  12  2:20  Drone  
  13  2:34  Drone  
  14  2:38  Lair  
  14  2:48  Spine Crawler  
  14  2:50  Drone x2  
  15  3:04  Drone  
  16  3:23  Drone x2, Hatchery  
  17  3:41  Spine Crawler  
  17  3:43  Queen  
  17  3:44  Drone x2  
  20  3:53  Hydralisk Den  
  19  3:59  Infestation Pit  
  18  4:03  Spore Crawler  
  18  4:06  Spore Crawler, Drone  
  18  4:07  Drone  
  18  4:11  Queen  
  18  4:12  Drone  
  18  4:13  Drone  
  18  4:16  Drone  
  23  4:27  Zerg Missile Weapons Level 1  
  23  4:34  Drone  
  23  4:35  Drone  
  23  4:36  Evolution Chamber  
  24  4:51  Hydralisk x2  
  28  4:57  Hydralisk x2  
  30  5:07  Hydralisk x2  
  18  5:45  Drone  
  18  5:46  Hydralisk x2  
  19  6:03  Evolution Chamber  
  18  6:06  Spawning Pool  
Show
View Real Time Build Order
Export as new Build Order

TKETychus Zerg 

Build Orders: Hatch First 

Get SALT Encoding   

  12  0:03  Drone  
  13  0:08  Drone  
  14  0:22  Overlord  
  14  0:45  Drone, Hatchery  
  14  1:06  Spawning Pool  
  14  1:08  Drone  
  14  1:12  Drone  
  14  1:14  Drone  
  16  1:20  Extractor, Drone  
  16  1:49  Drone x2  
  16  1:53  Queen  
  20  2:17  Roach Warren  
  20  2:21  Drone x3  
  22  2:25  Queen  
  24  3:01  Queen  
Tags
 
Add a new tag
Caveats
  • Supply blocks, unpowered buildings, or Contaminate may cause inaccurate times.
  • Supply counts are checked every 10 seconds.